 Dungeon Crawl Stone Soup version 0.25-a0-566-g062765be81 (webtiles) character file.

Game seed: 13281455369313042694, levelgen mode: deterministic

1115 kae the Covert (level 8, -1/52 HPs)
             Began as a Vampire Enchanter on Feb 28, 2020.
             Slain by a shadow imp (4 damage)
             ... on level 5 of the Dungeon.
             The game lasted 00:06:56 (5711 turns).

kae the Covert (Vampire Enchanter)                  Turns: 5711, Time: 00:06:57

Health: -1/52      AC:  2    Str:  9    XL:     8   Next: 12%
Magic:  13/14      EV: 14    Int: 20    God:
Gold:   280        SH:  0    Dex: 14    Spells: 6/15 levels left

rFire    . . .     SeeInvis +   l - +0 dagger (venom)
rCold    . . .     Gourm    .   (no shield)
rNeg     . . .     Faith    .   b - +0 robe
rPois    .         Spirit   .   (no helmet)
rElec    .         Reflect  .   (no cloak)
rCorr    .         Harm     .   (no gloves)
MR       .....                  (no boots)
Stlth    ++++......             (no amulet)
HPRegen  0.37/turn              (no ring)
MPRegen  0.14/turn              (no ring)

@: flying, regenerating quickly, hasted, very quick
A: no food, fangs 3, repulsion field 1, thin skeletal structure 1, see
invisible, clumsy 1, strong 1, unbreathing
a: Exsanguinate


You were on level 5 of the Dungeon.
You were alive.

You visited 1 branch of the dungeon, and saw 5 of its levels.
You also visited: Sewer.

You collected 280 gold pieces.

Inventory:

Hand Weapons
 a - a +2 dagger
 l - a +0 dagger of venom (weapon)
Armour
 b - a +0 robe (worn)
Wands
 n - a wand of enslavement (7)
Scrolls
 d - 3 scrolls of magic mapping
 m - 4 scrolls of remove curse
 o - a scroll of immolation {unknown}
 p - 3 scrolls of teleportation {unknown}
 r - a scroll of identify
Potions
 c - 3 potions of lignification
 f - a potion of mutation
 g - 4 potions of stabbing
 h - 3 potions of brilliance
 i - a potion of flight
 j - a potion of haste
 k - a potion of invisibility {unknown}
 q - a potion of berserk rage {unknown}
 s - a potion of might


   Skills:
 * Level 6.6 Short Blades
 - Level 2.1 Dodging
 + Level 8.1 Stealth
 + Level 4.2 Spellcasting
 + Level 7.5 Hexes


You had 6 spell levels left.
You knew the following spells:

 Your Spells              Type           Power        Failure   Level  Hunger
a - Corona                Hex            ####...      1%          1    N/A
b - Ensorcelled Hibernat  Hex/Ice        ###...       4%          2    N/A
c - Confusing Touch       Hex            ####....     1%          3    N/A
d - Tukima's Dance        Hex            ####....     1%          3    N/A

Your spell library contained the following spells:

 Spells                   Type           Power        Failure   Level  Hunger
 Dazzling Flash           Conj/Hex       ###...       8%          3    N/A

Dungeon Overview and Level Annotations

Branches:
Dungeon (5/15)             Temple (0/1) D:5           Sewer (visited)

Altars:
Cheibriados
Gozag
Nemelex Xobeh
Sif Muna
Vehumet
Yredelemnul
The Shining One

Shops:
D:5 *


Innate Abilities, Weirdness & Mutations

You do not eat.
Your natural rate of healing is unusually fast.
You have razor-sharp teeth.
You have supernaturally acute eyesight. (SInv)
You can survive without breathing.
You are surrounded by a mild repulsion field. (EV +2)
You have a somewhat thin skeletal structure. (Dex +2, Stealth)
You are clumsy. (Dex -2)
Your muscles are strong. (Str +2)


Message History

The shadow imp hits you but does no damage.
You closely miss the shadow imp.
The shadow imp is moderately wounded.
The shadow imp gestures at you. Pain shoots through your body!
* * * LOW HITPOINT WARNING * * *
You barely miss the shadow imp.
The shadow imp is heavily wounded.
You barely miss the shadow imp.
The shadow imp is heavily wounded.
The shadow imp gestures at you. Pain shoots through your body!
* * * LOW HITPOINT WARNING * * *
Okay, then.
It was a potion of flight.
You feel very buoyant.
You fly up into the air.
The shadow imp hits you.
* * * LOW HITPOINT WARNING * * *
It was a potion of haste.
You feel yourself speed up. The shadow imp hits you.
You die...

.# # # #.##########
#. ...##.......#
#.####..##...>...#
#........#.......####
#c##...#.....).....
#5##a..#......[###.
#.@....#.......# #. #
#..##..#....>..# #.
#.#.......######## ##
#..........#
####..###..#
#....#..##[..
#..#........#
#..###..#####
#[......#


You could see a centaur, a worker ant (wandering) and a shadow imp.

Vanquished Creatures
  Edmund (D:4)
  A sky beast (D:5)
  An ogre (D:4)
  A big kobold (Sewer)
  A scorpion (D:4)
  5 killer bees (D:4)
  A crimson imp (D:4)
  2 hounds (D:4)
  An orc wizard (D:4)
  Ijyb (D:4)
  Jessica (D:2)
  A worker ant (D:4)
  Robin (D:2)
  8 gnolls
  A river rat (Sewer)
  6 adders
  An adder skeleton (D:4)
  4 worms
  9 dart slugs
  4 leopard geckos
  7 orcs
  A ball python (D:3)
  6 giant cockroaches
  2 gnoll zombies (D:3)
  4 hobgoblins
  8 jackals
  8 bats
  7 frilled lizards
  18 goblins
  10 kobolds
  7 rats
129 creatures vanquished.

Notes
Turn   | Place    | Note
-------+----------+-------------------------------------------
     0 | D:1      | kae the Vampire Enchanter began the quest for the Orb.
     0 | D:1      | Reached XP level 1. HP: 13/13 MP: 3/3
   289 | D:1      | Reached XP level 2. HP: 18/19 MP: 5/5
   550 | D:1      | Learned a level 2 spell: Ensorcelled Hibernation
  1301 | D:2      | Reached XP level 3. HP: 16/24 MP: 4/6
  1360 | D:2      | Noticed Robin
  1373 | D:2      | Killed Robin
  1390 | D:2      | Reached skill level 5 in Stealth
  1714 | D:2      | Reached skill level 5 in Hexes
  1759 | D:2      | Noticed Jessica
  1842 | D:2      | Killed Jessica
  1842 | D:2      | Reached XP level 4. HP: 30/30 MP: 4/7
  1873 | D:2      | Found a radiant altar of Vehumet.
  1984 | D:2      | Found a snail-covered altar of Cheibriados.
  2063 | D:2      | Found a shimmering blue altar of Sif Muna.
  2202 | D:2      | Found a glowing golden altar of the Shining One.
  2512 | D:3      | Learned a level 3 spell: Confusing Touch
  2838 | D:2      | Reached XP level 5. HP: 23/35 MP: 2/9
  3006 | D:3      | Gained mutation: You have a somewhat thin skeletal
                  | structure. (Dex +2, Stealth) [potion of mutation]
  3006 | D:3      | Gained mutation: You are clumsy. (Dex -2) [potion of
                  | mutation]
  3006 | D:3      | Gained mutation: Your muscles are strong. (Str +2) [potion
                  | of mutation]
  3006 | D:3      | Gained mutation: You are surrounded by a mild repulsion
                  | field. (EV +2) [potion of mutation]
  3551 | D:3      | Found a basalt altar of Yredelemnul.
  3655 | D:3      | Reached skill level 6 in Stealth
  3923 | D:4      | Noticed Edmund
  3929 | D:4      | Learned a level 3 spell: Tukima's Dance
  3959 | D:4      | Killed Edmund
  3959 | D:4      | Reached XP level 6. HP: 38/41 MP: 3/10
  4016 | D:4      | Reached skill level 5 in Short Blades
  4019 | D:4      | Reached XP level 7. HP: 35/46 MP: 6/12
  4079 | D:4      | Found a glowing drain.
  4092 | D:4      | Reached skill level 7 in Stealth
  4108 | Sewer    | Entered a sewer
  4437 | Sewer    | Found a white marble altar of Elyvilon.
  4496 | D:4      | Noticed Ijyb
  4501 | D:4      | Killed Ijyb
  5203 | D:4      | Found a snail-covered altar of Cheibriados.
  5291 | D:4      | Found a sparkling altar of Nemelex Xobeh.
  5363 | D:4      | Reached XP level 8. HP: 52/52 MP: 9/14
  5465 | D:5      | Entered Level 5 of the Dungeon
  5519 | D:5      | Found Gozag's Platinum Reserve.
  5519 | D:5      | Found an opulent altar of Gozag.
  5566 | D:5      | Found a staircase to the Ecumenical Temple.
  5698 | D:5      | Reached skill level 8 in Stealth
  5711 | D:5      | Slain by a shadow imp

Levels and vault maps discovered:
D:1:      evilmike_arrival_plus, layout_basic, serial_forest,
          infiniplex_forest_lined_room_2, infiniplex_forest_straight_4,
          infiniplex_forest_clump_diagonal, infiniplex_forest_lined_2,
          infiniplex_forest_straight_4, infiniplex_forest_clump_long,
          infiniplex_forest_clump_C, infiniplex_forest_clump_long,
          infiniplex_forest_end_1, infiniplex_forest_lined_4_way
D:2:      layout_basic, lemuel_coloured_pillars_altar, lemuel_blue_sif_altar,
          lemuel_round_altar, cheibriados_altar_1, uniq_robin, uniq_jessica
D:3:      kennysheep_slugbush, layout_loops_ring,
          lemuel_zombie_altar_yredelemnul
D:4:      minmay_diamond_boxcup, layout_basic, marbit_many_paths,
          lemuel_round_altar, portal_sewer_entry_d, first_ration, hex_medium,
          uniq_edmund, uniq_ijyb
D:5:      layout_loops_cross, nicolae_gozag_zags_fifth_avenue, temple_statues

Skill      XL: |  1  2  3  4  5  6  7  8 |
---------------+-------------------------+-----
Short Blades   | 2 3 4 5 6 |  6.6
Stealth        | 5 6 7 8 |  8.1
Hexes          | 5 6 7 |  7.5
Spellcasting   | 3 4 |  4.2
Dodging        | |  2.1

Action                   |  1- 3 |  4- 6 |  7- 9 || total
-------------------------+-------+-------+-------++-------
Melee: Dagger            |   169 |   165 |   125 ||   459
       Bite              |    14 |    13 |     9 ||    36
 Cast: Ensorcelled Hiber |    18 |    34 |    32 ||    84
       Corona            |     3 |     3 |       ||     6
       Confusing Touch   |       |     2 |       ||     2
       Tukima's Dance    |       |     1 |       ||     1
  Use: Scroll            |     2 |     3 |     3 ||     8
       Potion            |       |     4 |     6 ||    10
 Stab: Sleeping          |    14 |    36 |    25 ||    75
       Confused          |       |     2 |       ||     2
       Distracted        |       |       |     1 ||     1
Armor: Robe              |    22 |    18 |    12 ||    52
Dodge: Dodged            |    80 |   113 |    72 ||   265

Table legend:
 A = Non-vault XP
 B = Vault XP
 C = Vault XP percentage of total XP
 D = Non-vault monster count
 E = Vault monster count
 F = Vault count percentage of total count
                 A         B        C        D         E       F
            +---------+---------+-------+---------+---------+-------
      Total |    1106 |     487 |  30.6 |      91 |      38 |  29.5
            +---------+---------+-------+---------+---------+-------
        D:1 |      34 |       0 |   0.0 |      19 |       0 |   0.0
        D:2 |      60 |      79 |  56.8 |      18 |      15 |  45.5
        D:3 |     124 |      24 |  16.2 |      30 |       7 |  18.9
        D:4 |     739 |     259 |  26.0 |      22 |       6 |  21.4
        D:5 |     149 |       0 |   0.0 |       2 |       0 |   0.0
      Sewer |       0 |     125 | 100.0 |       0 |      10 | 100.0
            +---------+---------+-------+---------+---------+-------
